 Dungeon Crawl Stone Soup version 0.20.0-6-gd3061e9 (webtiles) character file.

46 Larmestyx the Ruffian (level 3, 0/31 HPs)
             Began as a Naga Transmuter on May 28, 2017.
             Slain by a leopard gecko (4 damage)
             ... on level 2 of the Dungeon.
             The game lasted 00:11:09 (1539 turns).

Larmestyx the Ruffian (Naga Transmuter)             Turns: 1539, Time: 00:11:10

Health: 0/31       AC:  2    Str: 12    XL:     3   Next: 66%
Magic:  6/6        EV: 10    Int: 14    God:
Gold:   59         SH:  0    Dex: 11    Spells: 5/6 levels left

rFire    . . .     SeeInvis +     - Unarmed
rCold    . . .     Gourm    .   (no shield)
rNeg     . . .     Faith    .   b - +0 robe
rPois    +         Spirit   .   (no helmet)
rElec    .         Reflect  .   (no cloak)
rCorr    .         Harm     .   (no gloves)
MR       .....                  (no barding)
Stlth    +.........             (no amulet)
Regen    0.1/turn               (no ring)
MPRegen  0.1/turn               (no ring)

@: very slow
A: see invisible, deformed body, poison resistance, slowness 2, slow metabolism
1, spit poison 1, AC +1
a: Spit Poison


You were on level 2 of the Dungeon.
You were not hungry.

You visited 1 branch of the dungeon, and saw 2 of its levels.

You collected 59 gold pieces.

Inventory:

Missiles
 a - 12 arrows
Armour
 b - a +0 robe (worn)
Scrolls
 e - 4 scrolls of teleportation {unknown}
 h - 2 scrolls of identify {unknown}
 i - a scroll of remove curse {unknown}
Potions
 j - a potion of haste {unknown}
 k - a potion of flight {unknown}
 l - a potion of heal wounds {unknown}
Books
 c - a book of Changes

   Spells                             Type                      Level
   a - Beastly Appendage              Transmutation                1
   b - Sticks to Snakes               Transmutation                2
   c - Spider Form                    Transmutation/Poison         3
   d - Ice Form                       Ice/Transmutation            4
   e - Blade Hands                    Transmutation                5
Comestibles
 d - a bread ration
 f - 2 fruits
 g - a meat ration
 m - a chunk of flesh


   Skills:
 + Level 1.1 Fighting
 + Level 1.7 Dodging
 + Level 4.1 Unarmed Combat
 + Level 2.2 Spellcasting
 + Level 2.0 Transmutations


You had 5 spell levels left.
You knew the following spells:

 Your Spells              Type           Power        Failure   Level  Hunger
a - Beastly Appendage     Tmut           #.....       10%         1    #......


Dungeon Overview and Level Annotations

Branches:
Dungeon (2/15)

Altars:


Innate Abilities, Weirdness & Mutations

You cannot wear boots.
Your serpentine skin is tough. (AC +1)
You have supernaturally acute eyesight. (SInv)
Armour fits poorly on your strangely shaped body.
Your system is resistant to poisons. (rPois)
You cover ground very slowly.
You have a slow metabolism.
You can spit poison.


Message History

The leopard gecko closely misses you.
You barely miss the leopard gecko.
The leopard gecko is almost dead.
The leopard gecko barely misses you.
You closely miss the leopard gecko.
The leopard gecko is almost dead.
The leopard gecko bites you but does no damage.
You barely miss the leopard gecko.
The leopard gecko is almost dead.
The leopard gecko bites you.
You miss the leopard gecko.
The leopard gecko is almost dead.
The leopard gecko bites you.
* * * LOW HITPOINT WARNING * * *
You barely miss the leopard gecko.
The leopard gecko is almost dead.
The leopard gecko bites you.
* * * LOW HITPOINT WARNING * * *
The leopard gecko bites you.
You die...

#.# #.# ... ..# .... ###
... ... #.########
.........
###############..>######
.........รท......@l......
###############...#####.
#...# #...# #...# #...#
##... #.###


You could see a leopard gecko.

Vanquished Creatures
  A dart slug (D:1)
  2 ball pythons (D:1)
  6 bats
  2 giant cockroaches
  5 goblins
  6 hobgoblins (D:1)
  3 jackals (D:1)
  A quokka (D:2)
  A frilled lizard (D:1)
  4 kobolds (D:1)
  6 rats (D:1)
37 creatures vanquished.

Notes
Turn   | Place    | Note
-------+----------+-------------------------------------------
     0 | D:1      | Larmestyx the Naga Transmuter began the quest for the Orb.
     0 | D:1      | Reached XP level 1. HP: 18/18 MP: 3/3
    85 | D:1      | Reached XP level 2. HP: 8/25 MP: 5/5
   921 | D:1      | Reached XP level 3. HP: 31/31 MP: 6/6
  1175 | D:1      | Reached skill level 4 in Unarmed Combat
  1539 | D:2      | Slain by a leopard gecko

Skill      XL: |  1  2  3 |
---------------+----------+-----
Unarmed Combat | 4 |  4.1
Fighting       | |  1.1
Dodging        | |  1.7
Spellcasting   | |  2.2
Transmutations | |  2.0

Action                   || total
-------------------------++-------
Melee: Unarmed           ||   136
       Punch             ||     3
 Abil: Spit Poison       ||     6
  Eat: Chunk             ||     1
Armor: Robe              ||    26
Dodge: Dodged            ||    64
